 Dungeon Crawl Stone Soup version 0.20-a0-350-ga83eecc (webtiles) character file.

1124 snakesoul the Carver (level 8, 0/71 HPs)
             Began as a Minotaur Fighter on Dec 24, 2016.
             Slain by an orc warrior
             ... wielding a +0 flail
              (13 damage)
             ... on level 5 of the Dungeon.
             The game lasted 00:06:01 (4501 turns).

snakesoul the Carver (Minotaur Fighter)             Turns: 4501, Time: 00:06:01

Health: 0/71       AC:  8    Str: 21    XL:     8   Next: 13%
Magic:  7/7        EV:  8    Int:  5    God:
Gold:   327        SH: 13    Dex: 12    Spells: 7/7 levels left

rFire  . . .     SeeInvis .     a - +0 long sword
rCold  . . .     Gourm    .     b - +0 scale mail
rNeg   . . .     Faith    .     c - +0 shield
rPois  .         Spirit   .     (helmet restricted)
rElec  .         Reflect  +     (no cloak)
rCorr  .         Harm     .     (no gloves)
MR     .....                    e - +0 pair of boots
Stlth  +.........               s - +3 amulet of reflection
                                (no ring)
                                r - ring of stealth

@: no status effects
A: retaliatory headbutt, horns 2
a: no special abilities


You were on level 5 of the Dungeon.
You were not hungry.

You visited 1 branch of the dungeon, and saw 5 of its levels.

You collected 327 gold pieces.

Inventory:

Hand Weapons
 a - a +0 long sword (weapon)
Missiles
 i - 10 tomahawks (quivered)
Armour
 b - a +0 scale mail (worn)
 c - a +0 shield (worn)
 e - a +0 pair of boots (worn)
Jewellery
 r - a ring of stealth (left hand)
 s - a +3 amulet of reflection (around neck)
Wands
 n - a wand of paralysis (9/24)
 A - a wand of slowing (15/48)
Scrolls
 g - 6 scrolls of identify {unknown}
 j - a scroll of teleportation {unknown}
 k - 2 scrolls of recharging {unknown}
 l - a scroll of enchant weapon {unknown}
 q - a scroll of amnesia {unknown}
 t - 3 scrolls of blinking {unknown}
 y - a scroll of immolation {unknown}
Potions
 d - a potion of might
 o - a potion of cancellation {unknown}
 p - 3 potions of curing {unknown}
 u - a potion of haste {unknown}
 v - 2 potions of flight {unknown}
 w - a potion of ambrosia {unknown}
 z - a potion of agility {unknown}
Comestibles
 f - 4 bread rations
 h - a beef jerky
 m - a meat ration
 x - 7 fruits
 B - 2 chunks of flesh


   Skills:
 + Level 6.9 Fighting
 * Level 8.7 Long Blades
 - Level 3.6 Armour
 + Level 6.3 Shields


You had 7 spell levels left.
You didn't know any spells.

Dungeon Overview and Level Annotations

Branches:
Dungeon (5/15)
 Temple: D:4-7

Altars:
Ashenzari


Innate Abilities, Weirdness & Mutations

You reflexively headbutt those who attack you in melee.
You have a pair of horns on your head.


Message History

You block the orc warrior's attack.
You hit the orc warrior but do no damage.
You headbutt the orc warrior.
The orc warrior is severely wounded.
You completely miss the orc warrior.
The orc warrior is severely wounded.
You block the orc warrior's attack.
You closely miss the orc warrior. Your headbutt misses the orc warrior.
The orc warrior is severely wounded.
You block the orc warrior's attack.
The orc wizard mumbles some strange words.
The orc wizard blinks!
You completely miss the orc warrior. You headbutt the orc warrior.
The orc warrior is severely wounded.
The orc warrior hits you with a flail.
* * * LOW HITPOINT WARNING * * *
You closely miss the orc warrior.
The orc warrior is severely wounded.
The orc warrior hits you with a flail!
You die...

....#.# #.# #..#.#
##....#.. #.. #..#.#
##'#.#... ##. ##.#.#
#.#.#...> . #...#
#.#.#....###. #...# ≈#≈#.#
...... .#######...#
;##≈#.# ...# ...........#
# ≈##.# #.#.###########..#
# #.#####....o@.........>#
#.#.##....#.#####...######
#....)).....# #...#
#.#.##)....o# #...#
#.#.......o.# #...# #
####)<....# #...#
#........o...... ....#
#.........#.########.#
#.#######.#.# #.#


You could see an orc warrior.

Vanquished Creatures
  The ghost of snakesoul the Skirmisher, an amateur MiFi (D:4)
  An ice beast (D:5)
  An ogre (D:4)
  3 scorpions (D:4)
  A howler monkey (D:5)
  A hound (D:4)
  3 orc priests
  3 orc wizards
  A centaur skeleton (D:4)
  An iguana (D:4)
  3 worker ants
  10 adders
  7 gnolls
  A shadow imp (D:5)
  An ooze (D:5)
  An adder skeleton (D:4)
  5 worms
  4 dart slugs
  3 leopard geckos
  12 orcs
  8 bats
  6 giant cockroaches
  8 goblins
  6 hobgoblins
  9 jackals
  6 kobolds
  3 quokkas
  A ball python (D:5)
  A frilled lizard (D:3)
  9 rats
120 creatures vanquished.

Notes
Turn   | Place    | Note
-------+----------+-------------------------------------------
     0 | D:1      | snakesoul the Minotaur Fighter began the quest for the Orb.
     0 | D:1      | Reached XP level 1. HP: 19/19 MP: 0/0
    92 | D:1      | Reached skill level 3 in Long Blades
   134 | D:1      | Reached XP level 2. HP: 21/27 MP: 1/1
   464 | D:1      | Reached XP level 3. HP: 33/33 MP: 2/2
   677 | D:2      | Reached skill level 4 in Long Blades
   872 | D:2      | Reached XP level 4. HP: 41/41 MP: 3/3
   909 | D:2      | Found a shattered altar of Ashenzari.
  1274 | D:3      | Reached skill level 5 in Long Blades
  1274 | D:3      | Reached XP level 5. HP: 31/47 MP: 4/4
  1279 | D:3      | Reached skill level 5 in Fighting
  2354 | D:4      | Reached XP level 6. HP: 55/56 MP: 5/5
  2366 | D:4      | Reached skill level 6 in Long Blades
  2716 | D:4      | Noticed snakesoul's ghost (amateur MiFi)
  2734 | D:4      | Killed snakesoul's ghost
  2734 | D:4      | Reached skill level 7 in Long Blades
  2734 | D:4      | Reached skill level 5 in Shields
  2734 | D:4      | Reached XP level 7. HP: 47/63 MP: 6/6
  3433 | D:4      | Reached skill level 8 in Long Blades
  3753 | D:5      | Entered Level 5 of the Dungeon
  4005 | D:5      | Reached XP level 8. HP: 7/71 MP: 7/7
  4501 | D:5      | Slain by an orc warrior

Vault maps used:
D:1:      sevenhm_arrival_forest_fort_small_4
D:2:      lemuel_coloured_pillars_altar, first_bread, minmay_misc_feat_pillars,
          hangedman_abyss_or_decor_stabs, minmay_misc_feat_more_columns
D:3:      feat_on_display
D:5:      cheibrodos_two_vegetables, marbit_many_paths, saegor_snake_ambush

Skill      XL: |  1  2  3  4  5  6  7 |
---------------+----------------------+-----
Long Blades    | 3 4 5 7 8 |  8.7
Fighting       | 4 5 6 |  6.9
Shields        | 4 5 6 |  6.3
Armour         | |  3.6

Action                   |  1- 3 |  4- 6 |  7- 9 || total
-------------------------+-------+-------+-------++-------
Melee: Long sword        |    88 |   132 |   141 ||   361
       Headbutt          |    14 |    23 |    30 ||    67
  Use: Potion            |       |       |     2 ||     2
  Eat: Chunk             |       |     5 |     7 ||    12
Armor: Scale mail        |    51 |    47 |    31 ||   129
Dodge: Dodged            |    45 |    39 |    33 ||   117
Block: Shield            |    57 |    64 |    91 ||   212
       Reflection        |       |       |     2 ||     2
       Rpst.: Long sword |    16 |     9 |    12 ||    37
